 Dungeon Crawl Stone Soup version 0.17.0-28-g6e173f8 (webtiles) character file.

86 lorenzova the Vexing (level 4, -1/21 HPs)
             Began as a Spriggan Enchanter on Nov 26, 2015.
             Killed from afar by an orc wizard (7 damage)
             ... with a magic dart
             ... on level 2 of the Dungeon.
             The game lasted 00:03:35 (1699 turns).

lorenzova the Vexing (Spriggan Enchanter)           Turns: 1699, Time: 00:03:35

Health: -1/21      AC:  3    Str:  8    XL:     4   Next: 27%
Magic:  0/11       EV: 18    Int: 16    God:
Gold:   55         SH:  0    Dex: 16    Spells: 3 memorised, 5 levels left

rFire  . . .     SeeInvis +     a - +1 dagger
rCold  . . .     Clarity  .     b - +1 robe
rNeg   . . .     SustAt   .     (shield restricted)
rPois  .         Gourm    .     (helmet restricted)
rElec  .         Spirit   .     (no cloak)
rCorr  .         Warding  .     (gloves unavailable)
rMut   .         Stasis   .     (boots unavailable)
MR     .....                    (no amulet)
Stlth  +++.......               (no ring)
                                h - +3 ring of strength

@: very quick, not resistant to hostile enchantments, fairly stealthy
A: unfitting armour, see invisible, herbivore 3, speed 3, slow metabolism 2
a: no special abilities


You were on level 2 of the Dungeon.
You were not hungry.

You visited 1 branch of the dungeon, and saw 3 of its levels.

You collected 55 gold pieces.

Inventory:

Hand Weapons
 a - a +1 dagger (weapon)
Armour
 b - a +1 robe (worn)
Jewellery
 h - a +3 ring of strength (left hand)
Scrolls
 i - a scroll of remove curse {unknown}
 j - a scroll of noise {unknown}
 l - a scroll of random uselessness {unknown}
 n - a scroll of fear {unknown}
 p - a scroll of enchant weapon {unknown}
Potions
 e - a potion of agility {unknown}
 f - a potion of brilliance {unknown}
 g - 2 potions of heal wounds {unknown}
 m - a potion of ambrosia {unknown}
 o - a potion of resistance {unknown}
 q - 2 potions of invisibility {unknown}
Books
 c - a book of Maledictions

   Spells                             Type                      Level
   a - Corona                         Hexes                        1
   b - Ensorcelled Hibernation        Hexes/Ice                    2
   c - Confuse                        Hexes                        3
   d - Tukima's Dance                 Hexes                        3
   e - Dazzling Spray                 Conjuration/Hexes            3
Comestibles
 d - 2 bread rations
 k - a royal jelly


   Skills:
 - Level 1.1 Short Blades
 - Level 3.0 Dodging
 - Level 4.4 Stealth
 + Level 4.3 Spellcasting
 + Level 5.1 Hexes


You had 5 spell levels left.
You knew the following spells:

 Your Spells              Type           Power        Failure   Level  Hunger
a - Corona                Hex            ###....      1%          1    None
b - Ensorcelled Hibernat  Hex/Ice        ##....       10%         2    ##.....
c - Confuse               Hex            ###.....     8%          3    ###....


Dungeon Overview and Level Annotations

Branches:
Dungeon (3/15)

Altars:
Kikubaaqudgha
The Shining One


Innate Abilities, Weirdness & Mutations

You are tiny and cannot use many weapons and most armour.
You have supernaturally acute eyesight.
You are a herbivore.
You cover ground extremely quickly.
You need consume almost no food.


Message History

The magic dart hits you!
* * * LOW HITPOINT WARNING * * *
Casting: Ensorcelled Hibernation
Confirm with . or Enter, or press ? or * to list all spells.
Aiming: Confuse
Press: ? - help, Shift-Dir - straight line, f - orc wizard, p - orc
Aim: an orc wizard, wielding a dagger and wearing a robe (lightly wounded, fast, chance to defeat MR: 50%)
The orc wizard resists with some effort.
There is a stone staircase leading up here.
You climb upwards.
There is a stone staircase leading down here.
Casting: Confuse
Confirm with . or Enter, or press ? or * to list all spells.
Aiming: Confuse
Press: ? - help, Shift-Dir - straight line, f - orc wizard
Aim: an orc wizard, wielding a dagger and wearing a robe (lightly wounded, fast, chance to defeat MR: 50%)
The orc wizard resists with some effort.
The orc wizard gestures at you while chanting.
The magic dart hits you!
You die...

# #######............###
##########.##.######....#
..............# #.##.#
...####<##.####### #.##.#
#### #.##.......# #.##.#
#(##.#####.# #.##.#
#.##.# #.###.##.###
#.##[# ##.#.#.#.#..#
#.##.####.@o>)....#.#
#.##.....#.#.#.#.##.#
#.######.......)....# #.#
##.##.#.#.#.#..# #### #.#
#.##.........#.# ...# #.#
##.##.#.#.#.##.#
##.####.# ##....(......†#
........# ###.#.#.#.####
##.###### #...........#


You could see an orc wizard.

Vanquished Creatures
  4 adders (D:2)
  An ooze (D:1)
  2 orcs (D:3)
  6 bats
  3 bat zombies (D:2)
  5 giant cockroaches
  A goblin (D:2)
  5 hobgoblins
  8 kobolds
  A ball python (D:1)
  A giant gecko (D:2)
  6 rats
  4 rat zombies (D:2)
47 creatures vanquished.

Notes
Turn   | Place    | Note
--------------------------------------------------------------
     0 | D:1      | lorenzova the Spriggan Enchanter began the quest for the Orb.
     0 | D:1      | Reached XP level 1. HP: 9/9 MP: 5/5
   136 | D:1      | Reached XP level 2. HP: 8/13 MP: 7/7
   146 | D:1      | Learned a level 2 spell: Ensorcelled Hibernation
   740 | D:1      | Found a glowing golden altar of the Shining One.
   841 | D:1      | Reached XP level 3. HP: 12/16 MP: 9/9
   846 | D:1      | Learned a level 3 spell: Confuse
  1127 | D:2      | Found an ancient bone altar of Kikubaaqudgha.
  1207 | D:2      | Reached skill level 5 in Hexes
  1207 | D:2      | Reached XP level 4. HP: 19/21 MP: 11/11
  1699 | D:2      | Killed from afar by an orc wizard

Action                   |  1- 3 |  4- 6 || total
-------------------------+-------+-------++-------
Melee: Dagger            |   148 |    15 ||   163
 Cast: Ensorcelled Hiber |     3 |     6 ||     9
       Confuse           |       |     2 ||     2
 Stab: Sleeping          |    12 |     5 ||    17
